[Event "FIDE Women World Blitz 2021"]
[Site "Warsaw"]
[Date "2021.12.29"]
[Round "7.2"]
[White "Gunina, Valentina"]
[Black "Zhukova, Natalia"]
[Result "1/2-1/2"]
[ECO "D24"]
[WhiteElo "2480"]
[BlackElo "2331"]
[Annotator "ChessBase"]
[PlyCount "97"]
[EventDate "2021.12.29"]
[EventType "swiss"]
[EventCountry "POL"]
[Tiebreak "Cut1 Buchholz"]
[SourceTitle "playchess.com"]
[Source "ChessBase"]
[SourceQuality "1"]
[TimeControl "180+2"]

1. d4 d5 2. c4 e6 3. Nf3 Nf6 4. Nc3 dxc4 5. e4 b5 6. e5 Nd5 7. Nxb5 Nb6 8. Be2 Nc6 9. Be3 Rb8 10. Nc3 Be7 11. a3 O-O 12. Qc2 f5 13.
exf6 Bxf6 14. Rd1 Ba6 15. Ne4 Qd5 16. h4 Qf5 17. g4 Qa5+ 18.
Kf1 Nd5 19. Kg2 Nxe3+ 20. fxe3 Ne7 21. g5 Nf5 22. Qc1 Be7 23.
Nf2 Rb3 24. Ng4 Rfb8 25. Bxc4 Rxb2+ 26. Kh3 Bxc4 27. Qxc4 Qd5 28. Qxd5 exd5 29. Rc1 Bd6 30. Nfe5 R8b3 31. Rhf1 Nxe3 32. Nxe3 Rxe3+ 33. Kg4 g6 34. Rf3 Re4+ 35. Kh3 Rxd4 36. Ng4 Re2 37. Rcf1 Re7 38. Nh6+ Kg7 39. Rf7+ Rxf7 40. Rxf7+ Kh8 41. Rd7 Rf4 42. Nf7+ Kg8 43. Nh6+ Kh8 44. a4 Rf8 45. Kg2 d4 46. Nf7+ Kg8 47. Nh6+ Kh8 48. Nf7+ Kg8 49. Nh6+ 1/2-1/2

[Event "FIDE Women World Blitz 2021"]
[Site "Warsaw"]
[Date "2021.12.29"]
[Round "7.2"]
[White "Nur-Mukhametova, Alisa"]
[Black "Fernandez, Maria Florencia"]
[Result "0-1"]
[ECO "E62"]
[WhiteElo "2225"]
[BlackElo "2184"]
[Annotator "NA"]
[PlyCount "86"]
[EventDate "2021.12.29"]
[EventType "swiss"]
[EventCountry "POL"]
[Tiebreak "Cut1 Buchholz"]
[SourceTitle "playchess.com"]
[Source "ChessBase"]
[SourceQuality "1"]
[TimeControl "180+2"]

1. Nf3 Nf6 2. g3 g6 3. Bg2 Bg7 4. O-O O-O 5. d4 d6 6. c4 Nc6 7. Nc3 Bf5 8. Re1 e5 9. dxe5 dxe5 10. Bg5 h6 11. Qxd8 Raxd8 12. Bxf6 Bxf6 13. Nd5 Bg7 14. e4 Be6 15. Nxc7 Bxc4 16. b3 Rd7 17. bxc4 Rxc7 18. Rec1 Na5 19. Bf1 Rfc8 20. Rab1 b6 21. Nd2 h5 22. Bh3 Rd8 23. Nb3 Bh6 24. Rc2 Rxc4 25. Rxc4 Nxc4 26. Bf1 Na3 27. Rb2 Rd1 28. Kg2 a5 29. Be2 Re1 30. Bf3 a4 31. Nd2 b5 32. h4 b4 33. Nf1 Bf8 34. Ne3 Rc1 35. Nd5 Nc2 36. Be2 a3 37. Rb3 Nd4 38. Re3 Rc2 39. Bd1 Rxa2 40. Ba4 Rb2 41. Nf6+ Kg7 42. Ne8+ Kh6 43. Kg1 a2 0-1

[Event "FIDE Women World Blitz 2021"]
[Site "Warsaw"]
[Date "2021.12.29"]
[Round "7.3"]
[White "Assaubayeva, Bibisara"]
[Black "Paehtz, Elisabeth"]
[Result "1-0"]
[ECO "C41"]
[WhiteElo "2400"]
[BlackElo "2485"]
[Annotator "ChessBase"]
[PlyCount "91"]
[EventDate "2021.12.29"]
[EventType "swiss"]
[EventCountry "POL"]
[Tiebreak "Cut1 Buchholz"]
[SourceTitle "playchess.com"]
[Source "ChessBase"]
[SourceQuality "1"]
[TimeControl "180+2"]

1. d4 d6 2. e4 Nf6 3. Nc3 e5 4. Nf3 Nbd7 5. Bc4 Be7 6. O-O c6 7. Re1 Qc7 8. h3 h6 9. Be3 Nf8 10. a4 Ng6 11. a5 O-O 12. Qd2 Kh7 13.
Bb3 Rb8 14. dxe5 dxe5 15. Bxa7 Ra8 16. Bb6 Qd7 17. Rad1 Qxd2 18. Rxd2 Bb4 19. Bc7 Bxa5 20. Bd6 Bxc3 21. bxc3 Be6 22. Bxf8 Rxf8 23. Bxe6 fxe6 24. Rb1 Nxe4 25. Rd7 Nc5 26. Rd6 Kg8 27. Re1 Rf5 28. Nd2 Rf4 29. f3 Kf7 30. Rd8 Ke7 31. Rg8 Rf7 32. Ne4 Nxe4 33. Rxe4 Kd6 34. Rg4 Nf4 35. R4xg7 Rxg7 36. Rxg7 b5 37. Kf2 Kd5 38. Ke3 Kc4 39. Kd2 h5 40. h4 Nd5 41. Rg5 Nxc3 42. Rxe5 c5 43.
Rxh5 Nd5 44. Rh8 b4 45. h5 Kd4 46. h6 1-0

[Event "FIDE Women World Blitz 2021"]
[Site "Warsaw"]
[Date "2021.12.29"]
[Round "7.3"]
[White "Kazarian, Anna-Maja"]
[Black "Sandu, Mihaela"]
[Result "0-1"]
[ECO "B23"]
[WhiteElo "2138"]
[BlackElo "2244"]
[Annotator "NA"]
[PlyCount "102"]
[EventDate "2021.12.29"]
[EventType "swiss"]
[EventCountry "POL"]
[Tiebreak "Cut1 Buchholz"]
[SourceTitle "playchess.com"]
[Source "ChessBase"]
[SourceQuality "1"]
[TimeControl "180+2"]

1. e4 c5 2. Nc3 Nc6 3. Bb5 g6 4. f4 Bg7 5. Bxc6 bxc6 6. Nf3 d6 7. O-O Nf6 8. d3 Rb8 9. Rb1 O-O 10. Qe1 d5 11. e5 Ne8 12. Ne2 Nc7 13.
Ng3 Bg4 14. f5 Bxf3 15. Rxf3 d4 16. Bf4 Nd5 17. h4 Nxf4 18.
Rxf4 Qd5 19. f6 exf6 20. exf6 Bh6 21. Re4 Qd6 22. Qf2 Be3 23. Rxe3 dxe3 24. Qxe3 Qd4 25. Qxd4 cxd4 26. Ne2 Rfd8 27. b3 Rd6 28. Rf1 Re8 29. Rf2 Ree6 30. g4 Rxf6 31. Rxf6 Rxf6 32. Nxd4 c5 33. Ne2 Ra6 34. a4 Re6 35. Kf2 f5 36. gxf5 gxf5 37. Kf3 Kf7 38. Nf4 Re1 39. Ne2 Kf6 40. d4 cxd4 41. Nxd4 Re4 42. Ne2 Rxh4 43. c4 Rh3+ 44. Ng3 Rh2 45. Ne2 h5 46. c5 Rh3+ 47. Ng3 h4 48.
b4 Rxg3+ 49. Kf2 Rb3 50. b5 Rb4 51. c6 Rxa4 0-1

[Event "FIDE Women World Blitz 2021"]
[Site "Warsaw"]
[Date "2021.12.29"]
[Round "7.4"]
[White "Bulmaga, Irina"]
[Black "Koneru, Humpy"]
[Result "1/2-1/2"]
[ECO "C45"]
[WhiteElo "2405"]
[BlackElo "2586"]
[Annotator "ChessBase"]
[PlyCount "66"]
[EventDate "2021.12.29"]
[EventType "swiss"]
[EventCountry "POL"]
[Tiebreak "Cut1 Buchholz"]
[SourceTitle "playchess.com"]
[Source "ChessBase"]
[SourceQuality "1"]
[TimeControl "180+2"]

1. e4 e5 2. Nf3 Nc6 3. d4 exd4 4. Nxd4 Nf6 5. Nxc6 bxc6 6.
e5 Qe7 7. Qe2 Nd5 8. c4 Ba6 9. g3 g6 10. b3 Bg7 11. Bb2 O-O 12. Bg2 Rae8 13.
O-O Nb6 14. Re1 f6 15. e6 c5 16. Nc3 Qxe6 17. Qxe6+ Rxe6 18. Rxe6 dxe6 19. Na4 Rd8 20. Nxc5 Bc8 21. Bc3 f5 22. Bxg7 Kxg7 23. Re1 Kf6 24. Bb7 Bxb7 25. Nxb7 Rd2 26. Nc5 e5 27. a4 e4 28. f3 exf3 29. Re3 Rg2+ 30. Kh1 Rf2 31. Kg1 Rg2+ 32. Kh1 Rf2 33. Kg1 Rg2+ 1/2-1/2

[Event "FIDE Women World Blitz 2021"]
[Site "Warsaw"]
[Date "2021.12.29"]
[Round "7.4"]
[White "Utiatskaja, Irina"]
[Black "Sliwicka, Alicja"]
[Result "0-1"]
[ECO "B70"]
[WhiteElo "2184"]
[BlackElo "2303"]
[Annotator "NA"]
[PlyCount "44"]
[EventDate "2021.12.29"]
[EventType "swiss"]
[EventCountry "POL"]
[Tiebreak "Cut1 Buchholz"]
[SourceTitle "playchess.com"]
[Source "ChessBase"]
[SourceQuality "1"]
[TimeControl "180+2"]

1. e4 c5 2. Nf3 d6 3. d4 cxd4 4. Nxd4 Nf6 5. Nc3 Bd7 6. g3 Nc6 7. Bg2 g6 8. O-O Bg7 9. Be3 Ng4 10. Nxc6 Nxe3 11. Nxd8 Nxd1 12. Nxb7 Nxc3 13. bxc3 Bxc3 14. Rab1 O-O 15. Rb3 Rfc8 16. h3 a5 17. f4 Be6 18. Ra3 Bb4 19. Raf3 Ra7 20. f5 Bc4 21. Rb1 Rxb7 22. c3 Bc5+ 0-1

[Event "FIDE Women World Blitz 2021"]
[Site "Warsaw"]
[Date "2021.12.29"]
[Round "7.5"]
[White "Abdumalik, Zhansaya"]
[Black "Vantika Agrawal"]
[Result "1-0"]
[ECO "B51"]
[WhiteElo "2507"]
[BlackElo "2329"]
[Annotator "ChessBase"]
[PlyCount "67"]
[EventDate "2021.12.29"]
[EventType "swiss"]
[EventCountry "POL"]
[Tiebreak "Cut1 Buchholz"]
[SourceTitle "playchess.com"]
[Source "ChessBase"]
[SourceQuality "1"]
[TimeControl "180+2"]

1. e4 c5 2. Nf3 d6 3. Bb5+ Nd7 4. d4 cxd4 5. Nxd4 Ngf6 6. O-O a6 7. Bd3 e6 8. Re1 Be7 9. Bf1 O-O 10. c4 Qc7 11. b3 b6 12. Bb2 Bb7 13.
f3 Rfe8 14. Nc3 Rac8 15. Rc1 Qb8 16. Kh1 Bd8 17. Bd3 Bc7 18.
Bb1 h6 19. Qc2 Qa8 20. f4 e5 21. fxe5 dxe5 22. Nf5 Nc5 23. Nd5 Bxd5 24. exd5 Qb8 25. Rf1 Ncd7 26. Ba3 Kh8 27. d6 Bd8 28. Ne7 Bxe7 29. dxe7 g6 30. Rcd1 Kg7 31. Qf2 Qb7 32. Rxd7 Nxd7 33. Qxf7+ Kh8 34. Bxg6 1-0

[Event "FIDE Women World Blitz 2021"]
[Site "Warsaw"]
[Date "2021.12.29"]
[Round "7.5"]
[White "Smietanska, Wiktoria"]
[Black "Doluhanova, Evgeniya"]
[Result "1/2-1/2"]
[ECO "E94"]
[WhiteElo "1765"]
[BlackElo "2237"]
[Annotator "NA"]
[PlyCount "144"]
[EventDate "2021.12.29"]
[EventType "swiss"]
[EventCountry "POL"]
[Tiebreak "Cut1 Buchholz"]
[SourceTitle "playchess.com"]
[Source "ChessBase"]
[SourceQuality "1"]
[TimeControl "180+2"]

1. c4 Nf6 2. Nc3 e5 3. Nf3 Nc6 4. e4 d6 5. d4 exd4 6. Nxd4 g6 7. Be2 Bg7 8. Nc2 O-O 9. O-O Re8 10. f3 Be6 11. Ne3 Nd7 12. Ncd5 Nd4 13.
Bd3 c6 14. Nc3 Ne5 15. f4 Nxd3 16. Qxd3 Qb6 17. Kh1 f5 18. exf5 Nxf5 19. Nxf5 Bxf5 20. Qf3 Qd4 21. g4 Bd7 22. f5 gxf5 23. gxf5 Rf8 24. Rg1 Rxf5 25. Qg3 Rf7 26. Bh6 Bf5 27. Rad1 Qe5 28. Qg5 Be4+ 29. Nxe4 Qxe4+ 30. Rg2 Qe5 31. Qg4 Qf6 32. Bg5 Qf5 33. Qg3 Raf8 34. Rdg1 Kh8 35. Qxd6 Qf3 36. Qg3 Qxg3 37. Rxg3 h6 38. Be3 Rd7 39. Rh3 Kh7 40. Rhg3 Rff7 41. b3 Rfe7 42. Bc1 a6 43. R3g2 Rf7 44. Rg3 Rde7 45. Rh3 Re2 46. a3 Rfe7 47. Rhg3 Rc2 48. Bf4 Rf7 49. Be3 Re2 50. Rh3 Re7 51. Bf4 Rd7 52. Rhg3 Be5 53. Bxe5 Rxe5 54. Rf3 Re2 55. Rgf1 Kg6 56. Rf6+ Kg7 57. R6f3 b5 58. Rg1+ Kh7 59. Rf6 bxc4 60. bxc4 Ra2 61. Rxc6 Rxa3 62. c5 Rc3 63. Rxa6 Rxc5 64. Rag6 Rh5 65. R6g2 Rh4 66. Rg3 h5 67. Rg5 Rd6 68. Rg7+ Kh6 69. Rg8 Rg4 70. R8xg4 hxg4 71. Rxg4 Rd2 72. Rg2 Rxg2 1/2-1/2

[Event "FIDE Women World Blitz 2021"]
[Site "Warsaw"]
[Date "2021.12.29"]
[Round "7.6"]
[White "Muzychuk, Mariya"]
[Black "Vaishali R"]
[Result "0-1"]
[ECO "B63"]
[WhiteElo "2536"]
[BlackElo "2405"]
[Annotator "ChessBase"]
[PlyCount "80"]
[EventDate "2021.12.29"]
[EventType "swiss"]
[EventCountry "POL"]
[Tiebreak "Cut1 Buchholz"]
[SourceTitle "playchess.com"]
[Source "ChessBase"]
[SourceQuality "1"]
[TimeControl "180+2"]

1. e4 c5 2. Nf3 Nc6 3. d4 cxd4 4. Nxd4 Nf6 5. Nc3 d6 6. Bg5 e6 7. Qd2 a6 8. O-O-O Be7 9. f3 Nxd4 10. Qxd4 O-O 11. h4 b5 12. Be3 Bb7 13.
h5 h6 14. g4 e5 15. Qd2 b4 16. Nd5 Nxd5 17. exd5 Bg5 18. Kb1 a5 19. Bg2 f5 20. f4 exf4 21. Bxf4 fxg4 22. Bxg5 Qxg5 23. Qxg5 hxg5 24. h6 g6 25. Be4 Kh7 26. Rde1 Rae8 27. c4 bxc3 28. bxc3 Re5 29. c4 Rfe8 30. Bxg6+ Kxg6 31. Rxe5 dxe5 32. h7 Rh8 33. Re1 Rxh7 34. Rxe5 g3 35. Re2 Rh1+ 36. Kc2 Rh2 37. Kd3 Rxe2 38. Kxe2 Ba6 39. Kf3 Bxc4 40. d6 Kf6 0-1

[Event "FIDE Women World Blitz 2021"]
[Site "Warsaw"]
[Date "2021.12.29"]
[Round "7.6"]
[White "Zairbek kyzy, Begimai"]
[Black "Gil Quilez, Sonia"]
[Result "0-1"]
[ECO "B10"]
[WhiteElo "1701"]
[BlackElo "2122"]
[Annotator "NA"]
[PlyCount "86"]
[EventDate "2021.12.29"]
[EventType "swiss"]
[EventCountry "POL"]
[Tiebreak "Cut1 Buchholz"]
[SourceTitle "playchess.com"]
[Source "ChessBase"]
[SourceQuality "1"]
[TimeControl "180+2"]

1. e4 c6 2. Nf3 d5 3. e5 Bg4 4. d4 e6 5. c3 Nd7 6. Be2 c5 7. O-O Ne7 8. h3 Bh5 9. a4 Nc6 10. Na3 a6 11. Be3 cxd4 12. cxd4 Be7 13. Nh2 Bxe2 14. Qxe2 O-O 15. f4 f6 16. Nf3 fxe5 17. dxe5 Nc5 18. Rad1 Ne4 19. Qe1 Bb4 20. Qh4 Be7 21. Qg4 Rf5 22. Ng5 Bxg5 23. fxg5 Nxe5 24. Qh4 Ng6 25. Qg4 Ne5 26. Qh4 h6 27. Rxf5 exf5 28. Qe1 hxg5 29. Nc2 f4 30. Bd4 Nc6 31. Bc3 Qb6+ 32. Kh2 Rf8 33. Rxd5 Nf6 34. Rxg5 f3 35. Qe6+ Kh7 36. Qf5+ Kg8 37. Bxf6 Rxf6 38. Qxf6 Qc7+ 39. g3 Nd8 40. Nd4 Qd7 41. Qe5 Nc6 42. Nxc6 Qd2+ 43. Kg1 Qg2# 0-1

[Event "FIDE Women World Blitz 2021"]
[Site "Warsaw"]
[Date "2021.12.29"]
[Round "7.7"]
[White "Kamalidenova, Meruert"]
[Black "Gaponenko, Inna"]
[Result "1-0"]
[ECO "B06"]
[WhiteElo "2339"]
[BlackElo "2339"]
[Annotator "NA"]
[PlyCount "121"]
[EventDate "2021.12.29"]
[EventType "swiss"]
[EventCountry "POL"]
[Tiebreak "Cut1 Buchholz"]
[SourceTitle "playchess.com"]
[Source "ChessBase"]
[SourceQuality "1"]
[TimeControl "180+2"]

1. e4 g6 2. d4 Bg7 3. Nc3 d6 4. Be3 a6 5. a4 Nc6 6. Qd2 e5 7. d5 Nce7 8. h4 f5 9. exf5 Nxf5 10. Bg5 Bf6 11. Nf3 h6 12. Bxf6 Nxf6 13. O-O-O Bd7 14. Kb1 O-O 15. Bd3 Kg7 16. h5 g5 17. Nxg5 b5 18. Ne6+ Bxe6 19. dxe6 Nd4 20. Rh3 Rh8 21. Rg3+ Kf8 22. Ne4 Nxh5 23. Rh3 Nf4 24. Rg3 Ndxe6 25. Rf3 Nd4 26. Rxf4+ exf4 27. Qxf4+ Ke7 28. Re1 Ne6 29. Qg4 Qg8 30. Qh3 Rf8 31. Ng3 Rf6 32. Bf5 Qf7 33. Bg4 Re8 34. Nf5+ Kd8 35. Bh5 Qf8 36. Bxe8 Rxf5 37. Rxe6 Rxf2 38. Bc6 Rf1+ 39. Ka2 Qf7 40. Qb3 bxa4 41. Qc4 Rf6 42. Re8+ Qxe8 43. Bxe8 Kxe8 44. Qxa4+ Kd8 45. Qxa6 Rg6 46. b4 Kd7 47. Qb5+ Kd8 48. Qd5 Rg5 49. Qe4 Kd7 50. Kb3 Kd8 51. c4 Kd7 52. b5 Kd8 53. Kb4 Kd7 54. Qe3 Kd8 55. Qd2 Kd7 56. Qf4 Rxg2 57. Qxh6 Re2 58. Qh3+ Kd8 59. Qh4+ Ke8 60. Qh5+ Kd7 61. Qxe2 1-0

[Event "FIDE Women World Blitz 2021"]
[Site "Warsaw"]
[Date "2021.12.29"]
[Round "7.7"]
[White "Kubicka, Anna"]
[Black "Jakubowska, Anna"]
[Result "1/2-1/2"]
[ECO "B02"]
[WhiteElo "2273"]
[BlackElo "2106"]
[Annotator "NA"]
[PlyCount "96"]
[EventDate "2021.12.29"]
[EventType "swiss"]
[EventCountry "POL"]
[Tiebreak "Cut1 Buchholz"]
[SourceTitle "playchess.com"]
[Source "ChessBase"]
[SourceQuality "1"]
[TimeControl "180+2"]

1. e4 Nf6 2. Nc3 d5 3. exd5 Nxd5 4. Nge2 c6 5. Nxd5 cxd5 6. d4 Nc6 7. c3 Bf5 8. Ng3 Bg6 9. h4 h6 10. h5 Bh7 11. Bd3 Bxd3 12. Qxd3 e6 13. Bf4 Bd6 14. Bxd6 Qxd6 15. O-O O-O 16. f4 f6 17. Rae1 Rfe8 18. Qf3 Na5 19. Qg4 Nc4 20. Re2 Re7 21. Rfe1 Rae8 22. Kh1 a6 23. Nf1 b5 24. Nh2 e5 25. fxe5 fxe5 26. dxe5 Rxe5 27. Rxe5 Rxe5 28. Rxe5 Qxe5 29. Nf3 Qe4 30. Qc8+ Kh7 31. b3 Ne3 32. Qxa6 Qb1+ 33. Kh2 Nf1+ 34. Kg1 Ng3+ 35. Kf2 Ne4+ 36. Ke3 Qc1+ 37. Kd4 Qxc3+ 38. Kxd5 Nf6+ 39. Kd6 Qd3+ 40. Kc7 Qd7+ 41. Kb8 Qd8+ 42. Ka7 Qc7+ 43. Qb7 Qa5+ 44. Qa6 Qc7+ 45. Qb7 Qa5+ 46. Kb8 Qd8+ 47. Ka7 Qa5+ 48. Qa6 Qc7+ 1/2-1/2

[Event "FIDE Women World Blitz 2021"]
[Site "Warsaw"]
[Date "2021.12.29"]
[Round "7.8"]
[White "Bodnaruk, Anastasia"]
[Black "Buksa, Nataliya"]
[Result "1-0"]
[ECO "B23"]
[WhiteElo "2396"]
[BlackElo "2199"]
[Annotator "NA"]
[PlyCount "123"]
[EventDate "2021.12.29"]
[EventType "swiss"]
[EventCountry "POL"]
[Tiebreak "Cut1 Buchholz"]
[SourceTitle "playchess.com"]
[Source "ChessBase"]
[SourceQuality "1"]
[TimeControl "180+2"]

1. e4 c5 2. Nc3 Nc6 3. Bb5 Nd4 4. Bc4 e6 5. Nge2 a6 6. a4 d6 7. O-O Nf6 8. d3 Be7 9. Nxd4 cxd4 10. Ne2 e5 11. c3 dxc3 12. Nxc3 Be6 13. a5 O-O 14. Re1 Nd7 15. Nd5 b5 16. Ba2 Nf6 17. Nb6 Rb8 18.
d4 Bxa2 19. Rxa2 Qe8 20. b3 Rb7 21. Rc2 Qb8 22. Bg5 h6 23.
dxe5 hxg5 24. exf6 Bxf6 25. Nd5 Be5 26. Qh5 Qd8 27. Re3 g6 28.
Qe2 Qxa5 29. g3 Kg7 30. Kg2 Qd8 31. f4 gxf4 32. gxf4 Bd4 33. Rd3 Bf6 34. e5 Bh4 35. Qg4 Rh8 36. Rcd2 dxe5 37. fxe5 Qc8 38. Qd4 Kf8 39. e6 Rh7 40. e7+ Bxe7 41. Qe4 Qf5 42. Qxf5 gxf5 43. Rf3 Bd6 44. h3 Rg7+ 45. Kf1 Rd7 46. Rxf5 Bc5 47. Rd3 Rg1+ 48. Ke2 Rg2+ 49. Kf3 Rf2+ 50. Kg4 Rg2+ 51. Kf3 Rg1 52. h4 Rd6 53. h5 Re6 54. Nf4 Ree1 55. Rxc5 Rgf1+ 56. Kg3 Rg1+ 57. Kf3 Rgf1+ 58. Kg4 Re4 59. Rf5 Ke7 60. Kg3 a5 61. Nd5+ Ke6 62. Rxf1 1-0

[Event "FIDE Women World Blitz 2021"]
[Site "Warsaw"]
[Date "2021.12.29"]
[Round "7.8"]
[White "Rudzinska, Michalina"]
[Black "Beydullayeva, Govhar"]
[Result "0-1"]
[ECO "B96"]
[WhiteElo "1832"]
[BlackElo "2278"]
[Annotator "NA"]
[PlyCount "76"]
[EventDate "2021.12.29"]
[EventType "swiss"]
[EventCountry "POL"]
[Tiebreak "Cut1 Buchholz"]
[SourceTitle "playchess.com"]
[Source "ChessBase"]
[SourceQuality "1"]
[TimeControl "180+2"]

1. e4 c5 2. Nf3 d6 3. d4 cxd4 4. Nxd4 Nf6 5. Nc3 a6 6. Bg5 e6 7. f4 Nbd7 8. Qf3 Qc7 9. O-O-O b5 10.
Bd3 Bb7 11. Rhe1 Qb6 12. Nd5 Qxd4 13. Bxf6 gxf6 14. Bxb5 Qc5 15. b4 Qxb5 16. Nc7+ Ke7 17. Nxb5 axb5 18. Qd3 Ra6 19. g4 Bh6 20. Qg3 Rxa2 21. g5 Bg7 22. f5 Ne5 23. Rd3 Nxd3+ 24. Qxd3 Rc8 25. Qxb5 Rcxc2+ 26. Kd1 Ba6 27. Qb6 Rd2+ 28. Kc1 Rac2+ 29. Kb1 Rb2+ 30. Kc1 Rdc2+ 31. Kd1 Bc8 32. Qa7+ Bd7 33. g6 hxg6 34. fxg6 fxg6 35. Re3 f5 36. Rd3 Rc6 37. Qb8 Ra6 38. b5 Ra1# 0-1

[Event "FIDE Women World Blitz 2021"]
[Site "Warsaw"]
[Date "2021.12.29"]
[Round "7.9"]
[White "Kurmangaliyeva, Liya"]
[Black "Parol, Pola"]
[Result "1-0"]
[ECO "D38"]
[WhiteElo "2222"]
[BlackElo "1823"]
[Annotator "NA"]
[PlyCount "50"]
[EventDate "2021.12.29"]
[EventType "swiss"]
[EventCountry "POL"]
[Tiebreak "Cut1 Buchholz"]
[SourceTitle "playchess.com"]
[Source "ChessBase"]
[SourceQuality "1"]
[TimeControl "180+2"]

1. d4 Nf6 2. c4 e6 3. Nf3 d5 4. Nc3 Bb4 5. Bg5 h6 6. Bd2 O-O 7. g4 Bxc3 8.
Bxc3 Ne4 9. Qc2 Nd7 10. g5 hxg5 11. h4 g4 12. Ng5 Nxg5 13.
hxg5 g6 14. Qd2 Kg7 15. Qf4 Rh8 16. Rxh8 Qxh8 17. O-O-O Qf8 18. e4 f6 19. Qxg4 fxg5 20. Qxg5 Qf6 21. Qg3 c6 22. Bd3 Nb6 23. e5 Qf7 24. Rg1 Kf8 25. Bxg6 Qg7 1-0

[Event "FIDE Women World Blitz 2021"]
[Site "Warsaw"]
[Date "2021.12.29"]
[Round "7.9"]
[White "Nomin-Erdene, Davaademberel"]
[Black "Kosteniuk, Alexandra"]
[Result "0-1"]
[ECO "B15"]
[WhiteElo "2188"]
[BlackElo "2518"]
[Annotator "ChessBase"]
[PlyCount "92"]
[EventDate "2021.12.29"]
[EventType "swiss"]
[EventCountry "POL"]
[Tiebreak "Cut1 Buchholz"]
[SourceTitle "playchess.com"]
[Source "ChessBase"]
[SourceQuality "1"]
[TimeControl "180+2"]

1. e4 c6 2. d4 d5 3. Nc3 dxe4 4. Nxe4 Nf6 5. Nxf6+ exf6 6. c3 Bd6 7. Bd3 O-O 8. Ne2 h5 9. Ng3 Re8+ 10.
Be3 Bg4 11. Qd2 h4 12. Ne4 Bc7 13. f3 Bh5 14. O-O-O Nd7 15. Qf2 Bg6 16. Qxh4 f5 17. Bg5 fxe4 18. Bxd8 Bxd8 19. Qh3 exd3 20. Qxd7 d2+ 21. Rxd2 Bg5 22. g3 Re7 23. Qg4 Bxd2+ 24. Kxd2 Rae8 25. f4 Re3 26. f5 Bh7 27. Rf1 f6 28. h4 Kf8 29. h5 R8e4 30. Rf4 Re7 31. h6 gxh6 32. Qh5 Bg8 33. Qxh6+ Ke8 34. Qg6+ Bf7 35. Qg4 Bc4 36. b3 Re2+ 37. Kc1 Bd3 38.
Rf1 Rxa2 39. Qg8+ Kd7 40.
Rd1 Bxf5 41. b4 Rc2+ 42. Kb1 Rxc3+ 43. Kb2 Rc2+ 44. Kb3 Re3+ 45. Ka4 b5+ 46. Ka5 Ra3# 0-1

[Event "FIDE Women World Blitz 2021"]
[Site "Warsaw"]
[Date "2021.12.29"]
[Round "7.10"]
[White "Mammadova, Gulnar"]
[Black "Osmak, Yuliia"]
[Result "1-0"]
[ECO "C00"]
[WhiteElo "2395"]
[BlackElo "2198"]
[Annotator "NA"]
[PlyCount "173"]
[EventDate "2021.12.29"]
[EventType "swiss"]
[EventCountry "POL"]
[Tiebreak "Cut1 Buchholz"]
[SourceTitle "playchess.com"]
[Source "ChessBase"]
[SourceQuality "1"]
[TimeControl "180+2"]

1. e4 e6 2. Qe2 Nc6 3. Nf3 d5 4. exd5 Qxd5 5. Nc3 Qd8 6.
Ne4 Be7 7. g3 Nf6 8. c3 O-O 9. d4 Nxe4 10. Qxe4 Qd5 11. Bd3 Qxe4+ 12. Bxe4 Bd7 13. Bf4 Bd6 14. Ne5 Bxe5 15. dxe5 Na5 16. O-O-O Bc6 17. Bxc6 Nxc6 18. Rd7 Rac8 19. Rhd1 Rfd8 20. b4 Rxd7 21. Rxd7 a6 22. a4 Kf8 23. b5 axb5 24. axb5 Nb8 25. Rd1 Ke8 26. Kc2 c6 27. Rb1 cxb5 28. Rxb5 Rc7 29. Ra5 Nc6 30. Ra8+ Kd7 31. Rh8 h6 32. h4 Nd4+ 33. Kd3 Nf5 34. Rg8 g6 35.
Rh8 h5 36. f3 Kc6 37. Ke4 Kb5 38. g4 Nxh4 39. gxh5 gxh5 40. Rxh5 Nf5 41. Kd3 Rd7+ 42. Kc2 Rc7 43. Rh1 Nd4+ 44. Kd3 Nxf3 45. Rb1+ Kc6 46. Rh1 Kd5 47. Rh3 Nxe5+ 48. Kc2 f5 49. Rh1 Rc4 50. Rd1+ Ke4 51. Bh6 Nc6 52. Re1+ Kd5 53. Rd1+ Kc5 54. Bf8+ Kb5 55. Rb1+ Ka6 56. Ra1+ Kb6 57. Rb1+ Kc7 58. Re1 Kd7 59. Rd1+ Ke8 60. Bd6 e5 61. Rb1 Kd7 62. Bf8 Kc7 63. Kd3 Rh4 64. Rg1 Rh3+ 65. Kc4 Rh4+ 66. Kb5 Rh7 67. c4 Rf7 68. Ba3 f4 69. Bc5 e4 70. Bb6+ Kd7 71. Kc5 Ke6 72.
Re1 Kf5 73. Kd6 f3 74. Be3 Rg7 75. Rb1 Kg4 76. Rg1+ Kf5 77. Rxg7 Na5 78. Kd5 Nb3 79. Rf7+ Kg4 80. Kxe4 Na5 81. Rf4+ Kg3 82. Rxf3+ Kg2 83. Rf5 Nxc4 84. Rf8 Nd6+ 85. Kd5 Nb5 86. Bd4 Kg3 87. Rb8 1-0

[Event "FIDE Women World Blitz 2021"]
[Site "Warsaw"]
[Date "2021.12.29"]
[Round "7.10"]
[White "Kolaric, Spela"]
[Black "Zabrzanska, Weronika"]
[Result "1-0"]
[ECO "C56"]
[WhiteElo "2178"]
[BlackElo "1596"]
[Annotator "NA"]
[PlyCount "97"]
[EventDate "2021.12.29"]
[EventType "swiss"]
[EventCountry "POL"]
[Tiebreak "Cut1 Buchholz"]
[SourceTitle "playchess.com"]
[Source "ChessBase"]
[SourceQuality "1"]
[TimeControl "180+2"]

1. e4 e5 2. Nf3 Nc6 3. d4 exd4 4. Bc4 Nf6 5. O-O Nxe4 6.
Re1 d5 7. Bxd5 Qxd5 8. Nc3 Qh5 9. Nxe4 Be6 10. Neg5 O-O-O 11. Nxe6 fxe6 12. Rxe6 Bc5 13. Bd2 Rhe8 14. Qe2 h6 15. Re1 Rf8 16. a3 g5 17. b4 Bb6 18. Qd3 g4 19. Rxh6 Qf7 20. Rh7 Qf5 21.
Qxf5+ Rxf5 22. Nh4 Rff8 23. Ng6 Rf6 24. Nf4 Rdf8 25. Nd3 a5 26.
b5 Nd8 27. Bg5 Rf5 28. Bxd8 Kxd8 29. a4 c6 30. bxc6 bxc6 31. Rh6 Kc7 32. Re7+ Kd8 33. Rb7 Bc7 34. Rxc6 Kc8 35. Rcxc7+ Kd8 36. Rd7+ Kc8 37. Rdc7+ Kd8 38. Rc4 R5f6 39. Rxd4+ Kc8 40. Rb5 Re8 41. g3 Re7 42. Rxa5 Kb7 43. Rb4+ Kc8 44. Rab5 Kd7 45. Rb7+ Ke6 46. Re4+
Kf5 47. Rexe7 Ra6 48. Rb5+ Kf6 49. Rc7 1-0

[Event "FIDE Women World Blitz 2021"]
[Site "Warsaw"]
[Date "2021.12.29"]
[Round "7.11"]
[White "Maltsevskaya, Aleksandra"]
[Black "Gaboyan, Susanna"]
[Result "1-0"]
[ECO "B33"]
[WhiteElo "2411"]
[BlackElo "2253"]
[Annotator "NA"]
[PlyCount "54"]
[EventDate "2021.12.29"]
[EventType "swiss"]
[EventCountry "POL"]
[Tiebreak "Cut1 Buchholz"]
[SourceTitle "playchess.com"]
[Source "ChessBase"]
[SourceQuality "1"]
[TimeControl "180+2"]

1. e4 c5 2. Nf3 Nc6 3. d4 cxd4 4. Nxd4 Nf6 5. Nc3 e5 6.
Ndb5 d6 7. Bg5 a6 8. Na3 b5 9. Nd5 Be7 10. Bxf6 Bxf6 11. c4 b4 12. Nc2 O-O 13. b3 a5 14. g3 Bg5 15. h4 Bh6 16. Bh3 Be6 17. Kf1 Ra7 18.
Kg2 g6 19. h5 g5 20. Qf3 Qc8 21. Qf6 Bxh3+ 22. Rxh3 Qe6 23. Rd1 Rd7 24. Rhh1 Re8 25. Nce3 Nd4 26. Nf5 Nxf5 27. exf5 Qxf6 1-0

[Event "FIDE Women World Blitz 2021"]
[Site "Warsaw"]
[Date "2021.12.29"]
[Round "7.11"]
[White "Da Silva, Cibele Florencio"]
[Black "Malicka, Maria"]
[Result "0-1"]
[ECO "B10"]
[WhiteElo "1405"]
[BlackElo "2307"]
[Annotator "NA"]
[PlyCount "65"]
[EventDate "2021.12.29"]
[EventType "swiss"]
[EventCountry "POL"]
[Tiebreak "Cut1 Buchholz"]
[SourceTitle "playchess.com"]
[Source "ChessBase"]
[SourceQuality "1"]
[TimeControl "180+2"]

1. e4 c6 2. Nf3 d5 3. d3 Bg4 4. Be2 e6 5. h3 Bxf3 6. Bxf3 Nd7 7. Nc3 Ngf6 8.
Bg5 h6 9. Bxf6 Nxf6 10. e5 Nd7 11. d4 Bb4 12. Qd2 c5 13.
a3 cxd4 14. axb4 dxc3 15. Qxc3 Rc8 16. Qd4 Rxc2 17. O-O a6 18. Rac1 Rxc1 19. Rxc1 O-O 20. Be2 Qb8 21. f4 Rc8 22. Rxc8+ Qxc8 23. Kh2 Qc6 24. Qd3 Nb6 25. Bd1 Qc4 26. Qd2 d4 27. Be2 Qd5 28. Qd3 Nd7 29. Bf3 Qb5 30. Qc2 Qxb4 31. Qc8+ Nf8 32. Be4 d3 33. Bxd3 0-1